 Dungeon Crawl Stone Soup version 0.24-a0-244-ga6a6ab7 (webtiles) character file.

Game seed: 12362122056767721792

3420 Ijustatesigmund the Cleaver (level 10, -12/74 HPs)
             Began as an Octopode Fighter on Apr 11, 2019.
             Mangled by an orc warrior
             ... wielding a cursed -1 halberd
              (14 damage)
             ... in a bailey.
             The game lasted 00:15:03 (5671 turns).

Ijustatesigmund the Cleaver (Octopode Fighter)      Turns: 5671, Time: 00:15:05

Health: -12/74     AC:  1    Str: 20    XL:     10   Next: 5%
Magic:  10/10      EV: 18    Int: 17    God:
Gold:   466        SH: 14    Dex: 23    Spells: 9/9 levels left

rFire    + . .     SeeInvis .   a - +1 war axe
rCold    + + .     Gourm    .   b - +2 shield
rNeg     . . .     Faith    .   (helmet restricted)
rPois    .         Spirit   .   (no amulet)
rElec    .         Reflect  .   j - +5 ring of intelligence
rCorr    .         Harm     .   l - +5 ring of dexterity
MR       .....                  z - ring of protection from cold
Stlth    ++++......             c - ring of protection from cold
HPRegen  0.22/turn              t - +6 ring of dexterity
MPRegen  0.12/turn              u - ring of protection from fire
                                (no ring)
                                (no ring)

@: mighty, hasted (expiring), very quick
A: almost no armour, stealthy swim, amphibious, 8 rings, constrict 8, tentacle
spike 1, camouflage 1, clumsy 1, robust 1, gelatinous body 1
a: no special abilities


You were in a bailey.
You were hungry.

You visited 1 branch of the dungeon, and saw 8 of its levels.
You also visited: Bailey.

You collected 466 gold pieces.

Inventory:

Hand Weapons
 a - a +1 war axe (weapon)
 h - a +1 morningstar of draining
Missiles
 s - a throwing net
 w - a steel javelin (quivered)
Armour
 b - a +2 shield (worn)
Jewellery
 c - a ring of protection from cold (on tentacle)
 j - a +5 ring of intelligence (left tentacle)
 l - a +5 ring of dexterity (right tentacle)
 t - a +6 ring of dexterity (on tentacle)
 u - a ring of protection from fire (on tentacle)
 z - a ring of protection from cold (on tentacle)
Scrolls
 k - 4 scrolls of enchant weapon
 q - 2 scrolls of enchant armour
 v - a scroll of identify
Potions
 e - a potion of experience {unknown}
 f - 7 potions of brilliance
 g - 2 potions of mutation
 i - 3 potions of curing
 m - 2 potions of resistance
 n - 4 potions of heal wounds
 o - a potion of might
 p - 3 potions of magic
 r - 2 potions of lignification
Comestibles
 d - 13 rations


   Skills:
 + Level 6.0 Fighting
 * Level 8.6 Axes
 + Level 7.1 Dodging
 - Level 5.0 Stealth
 + Level 7.2 Shields


You had 9 spell levels left.
You didn't know any spells.
Your spell library was empty.

Dungeon Overview and Level Annotations

Branches:
Dungeon (8/15)             Temple (0/1) D:4
   Lair: D:8-11

Altars:
Dithmenos
Gozag
Makhleb
Yredelemnul
Zin
The Shining One

Annotations:
D:1 1 runed translucent door


Innate Abilities, Weirdness & Mutations

You cannot wear most types of armour.
You are very stealthy in the water. (Stealth+)
You are amphibious.
You can wear up to eight rings at the same time.
You can use your tentacles to constrict eight enemies at once.
Your skin changes colour to match your surroundings (Stealth+).
Your rubbery body absorbs attacks. (AC +1, EV +1)
One of your tentacles bears a spike.
You are clumsy. (Dex -2)
You are robust. (+10% HP)


Message History

You closely miss the orc knight.
You constrict the orc knight, but do no damage.
The orc knight hits you with a +0 glaive.
The orc knight barely misses you.
You slash the orc knight!
You pierce the orc knight, but do no damage.
You squeeze the orc knight.
The orc knight is heavily wounded.
You hit the orc knight.
Your extra speed is starting to run out.
You constrict the orc knight.
The orc knight hits you from afar with a +0 glaive!
The orc knight hits you with a +0 glaive!!
* * * LOW HITPOINT WARNING * * *
The orc knight closely misses you.
As you read the scroll labeled YFAUSK UTOWU, it crumbles to dust.
It is a scroll of enchant weapon.
Your +0 war axe glows red for a moment.
You constrict the orc knight.
The orc warrior hits you from afar with a cursed -1 halberd!
You die...

########## #######
.........###.....#######
.....o....'.......#.....
.....oo@..'.......'.....
......o...'.......'.....
?.........'.......'.....
..........'.......#.....
.........###.....#######
########## #######


You could see 3 orc knights and an orc warrior.

Vanquished Creatures
  An orc knight (Bailey)
  Sigmund (D:2)
  Eustachio (D:4)
  3 ice beasts
  9 orc warriors (Bailey)
  A centaur (D:7)
  5 bullfrogs
  A scorpion (D:6)
  A killer bee (Bailey)
  A water moccasin skeleton (D:6)
  2 howler monkeys (D:7)
  2 crimson imps
  A centaur zombie (D:6)
  2 orc priests
  Crazy Yiuf (D:4)
  2 hounds (D:4)
  5 orc wizards
  2 bullfrog skeletons
  Terence (D:2)
  3 iguanas
  4 worker ants
  A mummy (D:4)
  5 gnolls
  8 adders
  2 shadow imps (D:5)
  An ooze (D:2)
  2 adder skeletons
  A worm (D:3)
  3 dart slugs
  4 leopard geckos
  39 orcs
  6 giant cockroaches
  7 goblins
  5 hobgoblins
  9 jackals
  5 kobolds
  6 quokkas
  A ball python (D:3)
  11 bats
  6 frilled lizards
  A hobgoblin zombie (D:4)
  A leopard gecko skeleton (D:6)
  3 orc zombies (D:4)
  2 quokka skeletons
  A quokka zombie (D:7)
  8 rats
187 creatures vanquished.

Notes
Turn   | Place    | Note
-------+----------+-------------------------------------------
     0 | D:1      | Ijustatesigmund the Octopode Fighter began the quest for
                  | the Orb.
     0 | D:1      | Reached XP level 1. HP: 16/16 MP: 1/1
     1 | D:1      | Found a runed translucent door.
   266 | D:1      | Reached XP level 2. HP: 12/21 MP: 2/2
   498 | D:1      | Reached skill level 3 in Axes
  1010 | D:1      | Reached XP level 3. HP: 23/26 MP: 3/3
  1197 | D:2      | Noticed Terence
  1202 | D:2      | Gained mutation: You are robust. (+10% HP) [potion of
                  | mutation]
  1202 | D:2      | Gained mutation: You are clumsy. (Dex -2) [potion of
                  | mutation]
  1202 | D:2      | Gained mutation: One of your tentacles bears a spike.
                  | [potion of mutation]
  1210 | D:2      | Killed Terence
  1210 | D:2      | Reached skill level 4 in Axes
  1210 | D:2      | Reached XP level 4. HP: 15/34 MP: 4/4
  1473 | D:2      | Found a faded altar of an unknown god.
  1577 | D:2      | Noticed Sigmund
  1580 | D:2      | Killed Sigmund
  1580 | D:2      | Reached skill level 5 in Axes
  1580 | D:2      | Reached XP level 5. HP: 26/39 MP: 5/5
  1580 | D:2      | Reached XP level 6. HP: 30/46 MP: 6/6
  1611 | D:2      | Found a basalt altar of Yredelemnul.
  2163 | D:3      | Found a glowing golden altar of the Shining One.
  2642 | D:4      | Reached XP level 7. HP: 43/51 MP: 7/7
  2686 | D:4      | Reached skill level 1 in Stealth
  2878 | D:4      | Noticed Eustachio
  2895 | D:4      | Killed Eustachio
  2987 | D:4      | Found a runed translucent door.
  2988 | D:4      | Noticed Crazy Yiuf
  2994 | D:4      | Killed Crazy Yiuf
  3208 | D:4      | Found a staircase to the Ecumenical Temple.
  3286 | D:5      | Entered Level 5 of the Dungeon
  3448 | D:5      | Reached skill level 5 in Dodging
  3448 | D:5      | Reached skill level 5 in Shields
  3448 | D:5      | Reached XP level 8. HP: 59/59 MP: 8/8
  3463 | D:5      | Found an opulent altar of Gozag.
  3592 | D:5      | Found a burning altar of Makhleb.
  3831 | D:6      | Reached skill level 5 in Stealth
  3841 | D:6      | Found a glowing silver altar of Zin.
  3867 | D:6      | Found a shadowy altar of Dithmenos.
  4298 | D:6      | Reached skill level 6 in Axes
  4548 | D:7      | Reached XP level 9. HP: 59/64 MP: 9/9
  4906 | D:7      | Reached skill level 7 in Axes
  4917 | D:7      | Reached skill level 5 in Fighting
  5214 | D:8      | Found a flagged portal.
  5223 | Bailey   | Entered a bailey
  5577 | Bailey   | Reached skill level 8 in Axes
  5659 | Bailey   | Noticed an orc knight
  5659 | Bailey   | Noticed an orc knight
  5660 | Bailey   | Noticed an orc knight
  5663 | Bailey   | Noticed an orc knight
  5667 | Bailey   | Killed an orc knight
  5667 | Bailey   | Reached XP level 10. HP: 71/74 MP: 10/10
  5670 | Bailey   | HP: 2/74 [orc knight/+0 glaive (33)]
  5671 | Bailey   | Mangled by an orc warrior

Levels and vault maps discovered:
D:1:      dpeg_arrival_caged_fury, layout_loops_corners
D:2:      layout_basic, yredelemnul_altar_generic,
          chequers_ecumenical_altar_island, uniq_terence, uniq_sigmund
D:3:      layout_basic, nicolae_overflow_crystal_walls
D:4:      layout_basic, minmay_temple_entry_enclosed_plants, first_ration,
          minmay_misc_feat_columns, minmay_mini_ossuary,
          uniq_crazy_yiuf_cottage, uniq_eustachio
D:5:      layout_gridville, lemuel_crystal_altar, dk_noncrumbling_3,
          hangedman_decor_clover_reticule, minivault_11,
          nicolae_gozag_cash_rules_everything_around_me
D:6:      layout_cave_pools, nicolae_overflow_hidden_temple,
          overflow_temple_1_default
D:7:      layout_basic
D:8:      layout_cave_pools, nicolae_qazlal_style_of_elements,
          ploomutoo_gammafunk_ghost_potion_laboratory, enter_bailey_2,
          serial_column_ruins, column_ruins_hut, column_ruins_hut,
          column_ruins_grid_1, column_ruins_columns_straight,
          column_ruins_grid_1, column_ruins_grid_1, column_ruins_open_tiny
Bailey:   bailey_polearm_5, bailey

Skill      XL: |  1  2  3  4  5  6  7  8  9 |
---------------+----------------------------+-----
Axes           | 3 4 5 6 8 |  8.6
Dodging        | 4 5 6 7 |  7.1
Shields        | 4 5 6 7 |  7.2
Stealth        | 4 5 |  5.0
Fighting       | 4 6 |  6.0

Action                   |  1- 3 |  4- 6 |  7- 9 | 10-12 || total
-------------------------+-------+-------+-------+-------++-------
Melee: War axe           |    44 |    79 |   214 |     2 ||   339
       Constrict         |     9 |    21 |    62 |     1 ||    93
       Tentacles         |     3 |    11 |    63 |     1 ||    78
       Kick              |       |    17 |   114 |     1 ||   132
Throw: Javelin           |       |     1 |     2 |       ||     3
Evoke: Wand              |       |       |     4 |       ||     4
  Use: Potion            |     4 |     3 |    10 |       ||    17
       Scroll            |       |     8 |    11 |     1 ||    20
 Stab: Sleeping          |     6 |     6 |    13 |       ||    25
       Distracted        |       |     1 |     2 |       ||     3
       Invisible         |       |       |     5 |       ||     5
  Eat: Ration            |       |     1 |     1 |       ||     2
       Chunk             |       |     2 |     6 |       ||     8
Armor: Skin              |    12 |    11 |     3 |       ||    26
Dodge: Dodged            |    20 |    29 |   112 |     3 ||   164
Block: Shield            |    20 |    44 |   141 |     1 ||   206

Table legend:
 A = Non-vault XP
 B = Vault XP
 C = Vault XP percentage of total XP
 D = Non-vault monster count
 E = Vault monster count
 F = Vault count percentage of total count
                 A         B        C        D         E       F
            +---------+---------+-------+---------+---------+-------
      Total |    2408 |    2479 |  50.7 |     142 |      45 |  24.1
            +---------+---------+-------+---------+---------+-------
        D:1 |      43 |       0 |   0.0 |      19 |       0 |   0.0
        D:2 |      82 |     256 |  75.7 |      25 |       2 |   7.4
        D:3 |     132 |       0 |   0.0 |      29 |       0 |   0.0
        D:4 |     345 |     272 |  44.1 |      17 |       7 |  29.2
        D:5 |     255 |       0 |   0.0 |      11 |       0 |   0.0
        D:6 |     716 |       0 |   0.0 |      20 |       0 |   0.0
        D:7 |     747 |       0 |   0.0 |      20 |       0 |   0.0
        D:8 |      88 |       0 |   0.0 |       1 |       0 |   0.0
     Bailey |       0 |    1951 | 100.0 |       0 |      36 | 100.0
            +---------+---------+-------+---------+---------+-------
